2844 views
Uploaded 2019-12-13 18:23:31
Game version 1.32.0.4
32:34 long 3on3 ladder game on (6)BloodstoneMesa_LV
Saved by BEARAND
2844 views
Uploaded 2019-12-13 18:23:31
Game version 1.32.0.4
32:34 long 3on3 ladder game on (6)BloodstoneMesa_LV


77 units @ 6.4k
/ 0.2k
260 buildings @ 17k
/ 9.8k



x1)
| Staff of Sanctuary | 3 | 750 |
| Orb of Fire | 2 | 650 |
| Periapt of Vitality | 4 | 1300 |
| Staff of Teleportation | 3 | 450 |
| Boots of Speed | 4 | 1000 |
| Circlet of Nobility | 2 | 350 |
| Tome of Retraining | 1 | 300 |
| Orb of Lightning | 1 | 375 |
| total: | 20 | 5175g |
| Peasant | 26 | 1950 | / | 0 |
| Priest | 1 | 135 | / | 10 |
| total: | 27 | 2085g | / | 10w |
| Scout Tower | 68 | 2040 | / | 1360 |
| Arcane Tower | 5 | 350 | / | 250 |
| Guard Tower | 27 | 1890 | / | 1350 |
| Altar of Kings | 1 | 180 | / | 50 |
| Farm | 4 | 320 | / | 80 |
| Lumber Mill | 1 | 120 | / | 0 |
| Town Hall | 2 | 770 | / | 410 |
| Arcane Vault | 5 | 650 | / | 150 |
| Arcane Sanctum | 1 | 150 | / | 140 |
| Keep | 2 | 640 | / | 420 |
| Castle | 1 | 360 | / | 210 |
| total: | 82 | 4230g | / | 2190w |
| 0:03 | Peasant |
| 0:03 | Peasant |
| 0:07 | Altar of Kings |
| 0:11 | Peasant |
| 0:19 | Farm |
| 0:25 | Peasant |
| 0:31 | Peasant |
| 0:37 | Lumber Mill |
| 0:40 | Peasant |
| 0:54 | Scout Tower |
| 1:00 | Peasant |
| 1:11 | Farm |
| 1:15 | Peasant |
| 1:24 | Arcane Tower |
| 1:27 | Peasant |
| 1:39 | Peasant |
| 1:51 | Scout Tower |
| 1:54 | Peasant |
| 1:55 | Peasant |
| 2:10 | Summon Water Elemental |
| 2:17 | Peasant |
| 2:25 | Scout Tower |
| 2:25 | Guard Tower |
| 2:28 | Peasant |
| 2:28 | Peasant |
| 2:52 | Guard Tower |
| 2:53 | Scout Tower |
| 3:25 | Periapt of Vitality |
| 3:28 | Guard Tower |
| 3:30 | Scout Tower |
| 3:34 | Keep |
| 3:40 | Farm |
| 3:41 | Farm |
| 3:51 | Improved Masonry |
| 3:57 | Brilliance Aura |
| 4:02 | Guard Tower |
| 4:04 | Scout Tower |
| 4:25 | Keep |
| 4:36 | Guard Tower |
| 4:38 | Scout Tower |
| 4:41 | Scout Tower |
| 4:44 | Staff of Teleportation |
| 4:44 | Boots of Speed |
| 5:00 | Boots of Speed |
| 5:07 | Guard Tower |
| 5:12 | Guard Tower |
| 6:38 | Summon Water Elemental |
| 6:46 | Town Hall |
| 6:52 | Scout Tower |
| 6:53 | Scout Tower |
| 6:53 | Scout Tower |
| 6:54 | Scout Tower |
| 6:54 | Scout Tower |
| 6:55 | Scout Tower |
| 6:55 | Scout Tower |
| 6:56 | Scout Tower |
| 7:12 | Castle |
| 7:16 | Arcane Sanctum |
| 7:25 | Guard Tower |
| 7:28 | Arcane Tower |
| 7:39 | Guard Tower |
| 7:50 | Guard Tower |
| 7:55 | Guard Tower |
| 7:57 | Storm Bolt |
| 7:58 | Guard Tower |
| 8:00 | Guard Tower |
| 8:09 | Guard Tower |
| 8:33 | Magic Sentry |
| 8:35 | Improved Lumber Harvesting |
| 8:37 | Peasant |
| 8:38 | Peasant |
| 8:59 | Scout Tower |
| 8:59 | Scout Tower |
| 9:00 | Scout Tower |
| 9:01 | Scout Tower |
| 9:17 | Arcane Vault |
| 9:18 | Arcane Vault |
| 9:20 | Arcane Vault |
| 9:22 | Arcane Vault |
| 9:23 | Arcane Vault |
| 10:53 | Bash |
| 11:04 | Advanced Masonry |
| 11:05 | Peasant |
| 11:05 | Peasant |
| 11:05 | Peasant |
| 11:10 | Scout Tower |
| 11:11 | Scout Tower |
| 11:12 | Scout Tower |
| 11:12 | Scout Tower |
| 11:13 | Scout Tower |
| 11:14 | Scout Tower |
| 11:17 | Peasant |
| 11:17 | Peasant |
| 11:20 | Scout Tower |
| 11:21 | Scout Tower |
| 11:22 | Scout Tower |
| 11:22 | Scout Tower |
| 11:35 | Staff of Sanctuary |
| 11:37 | Orb of Fire |
| 11:42 | Priest |
| 11:43 | Priest Adept Training |
| 11:49 | Scout Tower |
| 11:49 | Scout Tower |
| 11:50 | Scout Tower |
| 11:50 | Scout Tower |
| 11:51 | Scout Tower |
| 11:55 | Holy Light |
| 12:03 | Guard Tower |
| 12:08 | Advanced Lumber Harvesting |
| 12:10 | Staff of Sanctuary |
| 12:10 | Orb of Fire |
| 12:12 | Staff of Sanctuary |
| 12:28 | Guard Tower |
| 12:35 | Staff of Teleportation |
| 12:35 | Boots of Speed |
| 12:37 | Circlet of Nobility |
| 12:45 | Periapt of Vitality |
| 12:51 | Scout Tower |
| 12:52 | Scout Tower |
| 12:53 | Scout Tower |
| 12:53 | Scout Tower |
| 12:54 | Scout Tower |
| 12:55 | Scout Tower |
| 12:55 | Scout Tower |
| 12:57 | Peasant |
| 12:57 | Peasant |
| 13:01 | Peasant |
| 13:01 | Peasant |
| 13:29 | Tome of Retraining |
| 13:29 | Retrain Hero |
| 13:31 | Blizzard |
| 13:31 | Blizzard |
| 13:32 | Brilliance Aura |
| 13:45 | Guard Tower |
| 15:15 | Guard Tower |
| 15:17 | Scout Tower |
| 15:17 | Scout Tower |
| 15:18 | Scout Tower |
| 15:19 | Scout Tower |
| 15:19 | Scout Tower |
| 15:20 | Scout Tower |
| 15:21 | Scout Tower |
| 15:21 | Scout Tower |
| 15:22 | Scout Tower |
| 15:22 | Scout Tower |
| 15:26 | Guard Tower |
| 15:33 | Imbued Masonry |
| 15:39 | Orb of Lightning |
| 15:50 | Boots of Speed |
| 15:50 | Periapt of Vitality |
| 16:27 | Guard Tower |
| 16:30 | Scout Tower |
| 16:30 | Scout Tower |
| 16:31 | Scout Tower |
| 16:32 | Scout Tower |
| 16:32 | Scout Tower |
| 16:33 | Scout Tower |
| 16:34 | Scout Tower |
| 16:34 | Scout Tower |
| 16:35 | Scout Tower |
| 16:36 | Scout Tower |
| 16:39 | Guard Tower |
| 16:41 | Scout Tower |
| 16:42 | Scout Tower |
| 17:10 | Priest Master Training |
| 17:33 | Guard Tower |
| 18:14 | Staff of Teleportation |
| 18:15 | Periapt of Vitality |
| 18:31 | Arcane Tower |
| 19:13 | Guard Tower |
| 19:15 | Guard Tower |
| 19:23 | Arcane Tower |
| 19:45 | Scout Tower |
| 19:46 | Scout Tower |
| 19:46 | Scout Tower |
| 19:47 | Scout Tower |
| 20:43 | Divine Shield |
| 20:54 | Brilliance Aura |
| 21:01 | Storm Bolt |
| 21:55 | Guard Tower |
| 23:06 | Holy Light |
| 23:10 | Bash |
| 23:46 | Brilliance Aura |
| 24:50 | Circlet of Nobility |
| 27:03 | Town Hall |
| 28:32 | Arcane Tower |
| 29:37 | Devotion Aura |
| 30:13 | Storm Bolt |
| Right click | 1988 |
| Select group | 1940 |
| Chat | 647 |
| Select | 317 |
| Build/train/purchase | 146 |
| Use ability | 136 |
| Misc. action | 78 |
| Minimap ping | 11 |
| Assign group | 9 |
| Item give/drop | 7 |
| Esc | 4 |
IcebergSlim
(32:36) : 


| Healing Salve | 4 | 400 |
| Orb of Lightning | 2 | 750 |
| Lesser Clarity Potion | 2 | 140 |
| Boots of Speed | 2 | 500 |
| Staff of Teleportation | 3 | 450 |
| Circlet of Nobility | 1 | 175 |
| total: | 14 | 2415g |
| Peon | 21 | 1575 | / | 0 |
| Troll Batrider | 5 | 800 | / | 200 |
| total: | 26 | 2375g | / | 200w |
| Watch Tower | 48 | 5280 | / | 3840 |
| Altar of Storms | 2 | 360 | / | 100 |
| Orc Burrow | 3 | 480 | / | 120 |
| War Mill | 1 | 205 | / | 0 |
| Voodoo Lounge | 3 | 390 | / | 90 |
| Great Hall | 2 | 770 | / | 370 |
| Beastiary | 2 | 290 | / | 280 |
| Stronghold | 1 | 315 | / | 190 |
| Fortress | 1 | 325 | / | 190 |
| total: | 61 | 7775g | / | 4800w |
| 0:02 | Peon |
| 0:03 | Peon |
| 0:07 | Altar of Storms |
| 0:19 | Orc Burrow |
| 0:24 | Peon |
| 0:39 | War Mill |
| 0:47 | Peon |
| 1:04 | Peon |
| 1:11 | Peon |
| 1:18 | Voodoo Lounge |
| 1:36 | Orc Burrow |
| 1:39 | Peon |
| 1:56 | Peon |
| 2:06 | Watch Tower |
| 2:08 | Wind Walk |
| 2:15 | Peon |
| 2:16 | Peon |
| 2:27 | Watch Tower |
| 2:34 | Peon |
| 2:46 | Peon |
| 3:02 | Watch Tower |
| 3:13 | Peon |
| 3:18 | Healing Salve |
| 3:25 | Watch Tower |
| 3:37 | Watch Tower |
| 4:05 | Watch Tower |
| 4:13 | Stronghold |
| 4:40 | Boots of Speed |
| 4:54 | Staff of Teleportation |
| 5:19 | Watch Tower |
| 5:36 | Watch Tower |
| 5:46 | Orc Burrow |
| 5:48 | Healing Salve |
| 6:18 | Critical Strike |
| 6:26 | Watch Tower |
| 6:58 | Spiked Barricades |
| 7:08 | Great Hall |
| 7:19 | Watch Tower |
| 7:27 | Watch Tower |
| 7:29 | Peon |
| 7:29 | Peon |
| 7:36 | Watch Tower |
| 7:41 | Hex |
| 7:53 | Reinforced Defenses |
| 8:27 | Watch Tower |
| 8:36 | Fortress |
| 8:49 | Watch Tower |
| 8:56 | Voodoo Lounge |
| 9:00 | Voodoo Lounge |
| 9:39 | Watch Tower |
| 9:52 | Watch Tower |
| 9:54 | Peon |
| 9:54 | Peon |
| 9:54 | Peon |
| 9:54 | Peon |
| 10:41 | Watch Tower |
| 10:47 | Watch Tower |
| 10:58 | Watch Tower |
| 11:53 | Watch Tower |
| 12:01 | Staff of Teleportation |
| 12:22 | Watch Tower |
| 12:28 | Watch Tower |
| 12:43 | Watch Tower |
| 12:47 | Improved Spiked Barricades |
| 13:04 | Watch Tower |
| 13:08 | Altar of Storms |
| 13:27 | Watch Tower |
| 14:51 | Watch Tower |
| 14:54 | Watch Tower |
| 14:56 | Watch Tower |
| 15:23 | Beastiary |
| 15:24 | Beastiary |
| 15:27 | Peon |
| 15:27 | Peon |
| 15:39 | Orb of Lightning |
| 15:49 | Healing Salve |
| 15:54 | Watch Tower |
| 15:58 | Watch Tower |
| 16:02 | Watch Tower |
| 16:23 | Wind Walk |
| 16:33 | Liquid Fire |
| 16:36 | Steel Ranged Weapons |
| 16:40 | Troll Batrider |
| 16:41 | Troll Batrider |
| 16:58 | Watch Tower |
| 17:01 | Watch Tower |
| 17:20 | Frost Arrows |
| 17:31 | Healing Wave |
| 17:44 | Watch Tower |
| 18:01 | Watch Tower |
| 19:02 | Troll Batrider |
| 19:16 | Troll Batrider |
| 19:20 | Thorium Ranged Weapons |
| 19:26 | Orb of Lightning |
| 19:44 | Watch Tower |
| 19:46 | Watch Tower |
| 19:52 | Watch Tower |
| 21:38 | Watch Tower |
| 21:41 | Watch Tower |
| 22:02 | Lesser Clarity Potion |
| 22:04 | Healing Salve |
| 22:46 | Lesser Clarity Potion |
| 23:35 | Critical Strike |
| 24:03 | Great Hall |
| 24:13 | Watch Tower |
| 24:15 | Watch Tower |
| 24:19 | Boots of Speed |
| 24:20 | Staff of Teleportation |
| 24:20 | Circlet of Nobility |
| 24:38 | Arcanite Ranged Weapons |
| 24:38 | Steel Armor |
| 25:37 | Watch Tower |
| 25:41 | Watch Tower |
| 25:56 | Healing Wave |
| 27:18 | Forked Lightning |
| 27:34 | Watch Tower |
| 28:45 | Watch Tower |
| 29:48 | Troll Batrider |
| 30:10 | Watch Tower |
| 31:25 | Watch Tower |
| Right click | 1937 |
| Select | 542 |
| Chat | 386 |
| Select group | 373 |
| Misc. action | 179 |
| Build/train/purchase | 92 |
| Use ability | 61 |
| Item give/drop | 8 |
| Assign group | 7 |
| Resource trade | 5 |
| Esc | 2 |
| Remove unit | 1 |
BEARAND
(32:37) : 


x1)
| Lesser Clarity Potion | 1 | 70 |
| Staff of Sanctuary | 3 | 750 |
| Boots of Speed | 3 | 750 |
| Staff of Teleportation | 3 | 450 |
| Tome of Retraining | 1 | 300 |
| Healing Salve | 3 | 300 |
| Orb of Lightning | 2 | 750 |
| total: | 16 | 3370g |
| Peasant | 22 | 1650 | / | 0 |
| Priest | 2 | 270 | / | 20 |
| total: | 24 | 1920g | / | 20w |
| Scout Tower | 105 | 3150 | / | 2100 |
| Arcane Tower | 8 | 560 | / | 400 |
| Guard Tower | 47 | 3290 | / | 2350 |
| Altar of Kings | 1 | 180 | / | 50 |
| Farm | 5 | 400 | / | 100 |
| Lumber Mill | 1 | 120 | / | 0 |
| Town Hall | 2 | 770 | / | 410 |
| Arcane Vault | 2 | 260 | / | 60 |
| Arcane Sanctum | 1 | 150 | / | 140 |
| Keep | 1 | 320 | / | 210 |
| Castle | 1 | 360 | / | 210 |
| total: | 117 | 5030g | / | 2860w |
| 0:02 | Peasant |
| 0:02 | Peasant |
| 0:09 | Altar of Kings |
| 0:19 | Farm |
| 0:21 | Peasant |
| 0:28 | Peasant |
| 0:34 | Peasant |
| 0:41 | Farm |
| 0:49 | Lumber Mill |
| 1:01 | Scout Tower |
| 1:08 | Scout Tower |
| 1:09 | Peasant |
| 1:20 | Peasant |
| 1:28 | Peasant |
| 1:41 | Arcane Tower |
| 1:44 | Peasant |
| 1:44 | Peasant |
| 1:49 | Peasant |
| 2:02 | Guard Tower |
| 2:04 | Peasant |
| 2:25 | Summon Water Elemental |
| 2:44 | Peasant |
| 2:48 | Scout Tower |
| 2:49 | Scout Tower |
| 2:49 | Scout Tower |
| 2:50 | Scout Tower |
| 2:50 | Scout Tower |
| 2:50 | Scout Tower |
| 3:00 | Peasant |
| 4:01 | Brilliance Aura |
| 4:11 | Keep |
| 4:13 | Town Hall |
| 4:23 | Scout Tower |
| 4:24 | Scout Tower |
| 4:24 | Scout Tower |
| 4:25 | Scout Tower |
| 4:25 | Scout Tower |
| 4:26 | Scout Tower |
| 4:33 | Farm |
| 4:42 | Boots of Speed |
| 5:01 | Arcane Tower |
| 5:04 | Guard Tower |
| 5:05 | Guard Tower |
| 5:25 | Guard Tower |
| 5:26 | Peasant |
| 5:27 | Peasant |
| 5:37 | Guard Tower |
| 6:04 | Scout Tower |
| 6:05 | Scout Tower |
| 6:07 | Healing Salve |
| 6:32 | Guard Tower |
| 6:32 | Guard Tower |
| 6:37 | Guard Tower |
| 6:42 | Improved Masonry |
| 6:44 | Guard Tower |
| 6:44 | Peasant |
| 6:45 | Peasant |
| 6:45 | Peasant |
| 6:45 | Peasant |
| 6:45 | Peasant |
| 6:46 | Peasant |
| 7:04 | Guard Tower |
| 7:06 | Scout Tower |
| 7:07 | Scout Tower |
| 7:08 | Scout Tower |
| 7:35 | Boots of Speed |
| 7:36 | Staff of Teleportation |
| 8:18 | Storm Bolt |
| 8:19 | Summon Water Elemental |
| 8:22 | Castle |
| 8:23 | Guard Tower |
| 8:25 | Guard Tower |
| 8:27 | Scout Tower |
| 8:27 | Scout Tower |
| 8:28 | Scout Tower |
| 8:28 | Scout Tower |
| 8:30 | Scout Tower |
| 8:30 | Scout Tower |
| 8:31 | Scout Tower |
| 8:31 | Scout Tower |
| 8:32 | Scout Tower |
| 8:32 | Scout Tower |
| 8:35 | Improved Lumber Harvesting |
| 8:36 | Advanced Masonry |
| 8:52 | Staff of Teleportation |
| 10:03 | Guard Tower |
| 10:06 | Scout Tower |
| 10:07 | Scout Tower |
| 10:07 | Scout Tower |
| 10:08 | Scout Tower |
| 10:09 | Scout Tower |
| 10:09 | Scout Tower |
| 10:10 | Scout Tower |
| 10:10 | Scout Tower |
| 10:10 | Scout Tower |
| 10:12 | Healing Salve |
| 10:18 | Lesser Clarity Potion |
| 11:03 | Arcane Vault |
| 11:06 | Arcane Vault |
| 11:10 | Guard Tower |
| 11:52 | Guard Tower |
| 11:56 | Guard Tower |
| 11:58 | Holy Light |
| 12:01 | Imbued Masonry |
| 12:01 | Advanced Lumber Harvesting |
| 12:09 | Staff of Sanctuary |
| 12:23 | Orb of Lightning |
| 12:35 | Boots of Speed |
| 12:38 | Guard Tower |
| 12:48 | Orb of Lightning |
| 12:52 | Arcane Sanctum |
| 12:54 | Farm |
| 12:54 | Farm |
| 13:03 | Guard Tower |
| 13:08 | Guard Tower |
| 13:10 | Scout Tower |
| 13:21 | Bash |
| 13:23 | Guard Tower |
| 13:25 | Scout Tower |
| 13:26 | Scout Tower |
| 13:26 | Scout Tower |
| 13:27 | Scout Tower |
| 13:27 | Scout Tower |
| 13:28 | Scout Tower |
| 13:35 | Staff of Sanctuary |
| 14:03 | Guard Tower |
| 15:07 | Guard Tower |
| 15:11 | Priest |
| 15:11 | Magic Sentry |
| 15:14 | Guard Tower |
| 15:17 | Scout Tower |
| 15:17 | Scout Tower |
| 15:19 | Scout Tower |
| 15:20 | Scout Tower |
| 15:20 | Scout Tower |
| 15:21 | Scout Tower |
| 15:26 | Staff of Teleportation |
| 15:31 | Guard Tower |
| 15:33 | Scout Tower |
| 15:34 | Scout Tower |
| 15:37 | Scout Tower |
| 15:37 | Scout Tower |
| 15:39 | Tome of Retraining |
| 15:39 | Retrain Hero |
| 15:44 | Blizzard |
| 15:44 | Brilliance Aura |
| 15:45 | Blizzard |
| 15:55 | Scout Tower |
| 15:56 | Scout Tower |
| 15:57 | Scout Tower |
| 15:57 | Scout Tower |
| 15:58 | Scout Tower |
| 15:59 | Scout Tower |
| 15:59 | Scout Tower |
| 16:00 | Scout Tower |
| 16:06 | Guard Tower |
| 16:13 | Staff of Sanctuary |
| 16:30 | Guard Tower |
| 16:39 | Scout Tower |
| 16:39 | Scout Tower |
| 16:40 | Scout Tower |
| 16:41 | Scout Tower |
| 16:42 | Scout Tower |
| 16:42 | Scout Tower |
| 16:43 | Scout Tower |
| 16:54 | Scout Tower |
| 16:55 | Scout Tower |
| 16:56 | Scout Tower |
| 16:56 | Scout Tower |
| 16:57 | Scout Tower |
| 16:57 | Scout Tower |
| 16:57 | Scout Tower |
| 16:58 | Scout Tower |
| 16:59 | Scout Tower |
| 17:01 | Guard Tower |
| 17:04 | Scout Tower |
| 17:05 | Scout Tower |
| 17:05 | Scout Tower |
| 17:06 | Scout Tower |
| 17:55 | Guard Tower |
| 19:03 | Guard Tower |
| 19:04 | Scout Tower |
| 19:05 | Scout Tower |
| 19:05 | Scout Tower |
| 19:06 | Scout Tower |
| 19:06 | Scout Tower |
| 19:09 | Scout Tower |
| 19:10 | Scout Tower |
| 19:11 | Scout Tower |
| 19:11 | Scout Tower |
| 19:12 | Scout Tower |
| 19:12 | Scout Tower |
| 19:12 | Scout Tower |
| 19:13 | Scout Tower |
| 19:13 | Scout Tower |
| 19:14 | Scout Tower |
| 19:14 | Scout Tower |
| 19:15 | Scout Tower |
| 19:15 | Scout Tower |
| 19:16 | Scout Tower |
| 19:38 | Arcane Tower |
| 19:38 | Arcane Tower |
| 19:39 | Guard Tower |
| 19:41 | Guard Tower |
| 19:41 | Guard Tower |
| 19:43 | Guard Tower |
| 20:02 | Scout Tower |
| 20:02 | Scout Tower |
| 20:05 | Scout Tower |
| 20:05 | Guard Tower |
| 20:13 | Arcane Tower |
| 20:14 | Arcane Tower |
| 20:14 | Arcane Tower |
| 20:15 | Guard Tower |
| 20:15 | Guard Tower |
| 20:16 | Guard Tower |
| 20:27 | Guard Tower |
| 20:42 | Guard Tower |
| 20:53 | Divine Shield |
| 21:29 | Guard Tower |
| 21:34 | Guard Tower |
| 21:45 | Arcane Tower |
| 21:46 | Guard Tower |
| 22:32 | Guard Tower |
| 23:59 | Priest |
| 24:09 | Healing Salve |
| 24:26 | Town Hall |
| 24:40 | Brilliance Aura |
| 24:50 | Storm Bolt |
| Right click | 2329 |
| Select | 779 |
| Chat | 549 |
| Select group | 394 |
| Build/train/purchase | 316 |
| Use ability | 77 |
| Assign group | 26 |
| Misc. action | 20 |
| Minimap ping | 15 |
| Resource trade | 15 |
| Item give/drop | 5 |
119 units @ 17.3k
/ 2.1k
51 buildings @ 7.8k
/ 3k


| Wisp | 11 | 660 | / | 0 |
| Archer | 18 | 2340 | / | 180 |
| Glaive Thrower | 3 | 630 | / | 195 |
| total: | 32 | 3630g | / | 375w |
| Moon Well | 7 | 1260 | / | 280 |
| Ancient of War | 2 | 300 | / | 120 |
| Altar of Elders | 1 | 180 | / | 50 |
| Hunter's Hall | 1 | 210 | / | 100 |
| Ancient of Wonders | 1 | 90 | / | 30 |
| Tree of Life | 1 | 340 | / | 185 |
| Tree of Ages | 1 | 320 | / | 180 |
| Tree of Eternity | 1 | 330 | / | 200 |
| total: | 13 | 2380g | / | 765w |
| 0:03 | Wisp |
| 0:03 | Wisp |
| 0:11 | Moon Well |
| 0:22 | Ancient of War |
| 0:34 | Altar of Elders |
| 0:35 | Wisp |
| 0:44 | Wisp |
| 0:56 | Wisp |
| 1:25 | Moon Well |
| 1:27 | Archer |
| 1:32 | Wisp |
| 1:45 | Wisp |
| 1:48 | Archer |
| 1:51 | Wisp |
| 2:08 | Archer |
| 2:26 | Moon Well |
| 2:38 | Archer |
| 3:05 | Archer |
| 3:19 | Force of Nature |
| 3:28 | Archer |
| 3:32 | Hunter's Hall |
| 3:52 | Archer |
| 4:08 | Tree of Ages |
| 4:26 | Archer |
| 4:37 | Ancient of War |
| 4:41 | Archer |
| 4:44 | Entangling Roots |
| 4:52 | Strength of the Moon |
| 5:13 | Archer |
| 5:36 | Archer |
| 5:58 | Moon Armor |
| 6:03 | Archer |
| 6:56 | Moon Well |
| 7:00 | Moon Well |
| 7:02 | Improved Strength of the Moon |
| 7:03 | Wisp |
| 7:03 | Wisp |
| 7:03 | Wisp |
| 7:11 | Ancient of Wonders |
| 7:30 | Entangling Roots |
| 7:37 | Improved Bows |
| 7:38 | Archer |
| 8:51 | Force of Nature |
| 8:59 | Tree of Eternity |
| 9:05 | Archer |
| 9:52 | Archer |
| 9:54 | Improved Moon Armor |
| 10:03 | Trueshot Aura |
| 11:00 | Archer |
| 11:25 | Advanced Strength of the Moon |
| 11:42 | Scout |
| 12:24 | Marksmanship |
| 12:26 | Archer |
| 12:26 | Archer |
| 14:10 | Glaive Thrower |
| 14:14 | Moon Well |
| 14:14 | Moon Well |
| 15:20 | Glaive Thrower |
| 16:22 | Well Spring |
| 17:18 | Glaive Thrower |
| 17:33 | Advanced Moon Armor |
| 19:56 | Tree of Life |
| 21:18 | Entangling Roots |
| 22:07 | Trueshot Aura |
| Right click | 1011 |
| Select group | 434 |
| Select | 314 |
| Misc. action | 154 |
| Build/train/purchase | 69 |
| Use ability | 31 |
| Assign group | 21 |
| Remove unit | 1 |



| Scroll of Regeneration | 2 | 200 |
| Ivory Tower | 4 | 160 |
| Orb of Fire | 1 | 325 |
| total: | 7 | 685g |
| Peasant | 18 | 1350 | / | 0 |
| Footman | 23 | 3105 | / | 0 |
| Rifleman | 18 | 3690 | / | 540 |
| Knight | 5 | 1225 | / | 300 |
| total: | 64 | 9370g | / | 840w |
| Scout Tower | 2 | 60 | / | 40 |
| Arcane Tower | 3 | 210 | / | 150 |
| Guard Tower | 3 | 210 | / | 150 |
| Altar of Kings | 1 | 180 | / | 50 |
| Barracks | 2 | 320 | / | 120 |
| Farm | 9 | 720 | / | 180 |
| Arcane Vault | 1 | 130 | / | 30 |
| Blacksmith | 1 | 140 | / | 60 |
| Lumber Mill | 1 | 120 | / | 0 |
| Town Hall | 2 | 770 | / | 410 |
| Keep | 1 | 320 | / | 210 |
| Castle | 1 | 360 | / | 210 |
| total: | 19 | 2440g | / | 890w |
| 0:06 | Peasant |
| 0:09 | Altar of Kings |
| 0:15 | Barracks |
| 0:17 | Peasant |
| 0:17 | Peasant |
| 0:29 | Farm |
| 0:57 | Peasant |
| 1:19 | Farm |
| 1:20 | Peasant |
| 1:22 | Footman |
| 1:22 | Footman |
| 1:24 | Footman |
| 1:24 | Footman |
| 1:42 | Arcane Vault |
| 1:50 | Farm |
| 1:59 | Footman |
| 2:11 | Summon Water Elemental |
| 2:44 | Scout Tower |
| 3:07 | Footman |
| 3:17 | Blacksmith |
| 3:22 | Lumber Mill |
| 3:26 | Footman |
| 3:29 | Arcane Tower |
| 4:06 | Footman |
| 4:06 | Footman |
| 4:21 | Blizzard |
| 4:28 | Footman |
| 4:32 | Iron Forged Swords |
| 4:36 | Improved Masonry |
| 4:44 | Scroll of Regeneration |
| 5:05 | Rifleman |
| 5:05 | Rifleman |
| 5:12 | Keep |
| 5:21 | Scout Tower |
| 6:03 | Guard Tower |
| 6:09 | Barracks |
| 6:14 | Iron Plating |
| 6:23 | Farm |
| 6:44 | Summon Water Elemental |
| 6:59 | Rifleman |
| 7:03 | Farm |
| 7:12 | Scroll of Regeneration |
| 7:18 | Farm |
| 7:22 | Rifleman |
| 7:25 | Footman |
| 7:45 | Peasant |
| 7:50 | Rifleman |
| 8:56 | Black Arrow |
| 9:02 | Long Rifles |
| 9:03 | Rifleman |
| 9:05 | Footman |
| 9:05 | Footman |
| 9:09 | Improved Lumber Harvesting |
| 9:38 | Footman |
| 9:38 | Footman |
| 9:41 | Rifleman |
| 11:05 | Footman |
| 11:05 | Footman |
| 11:06 | Rifleman |
| 12:08 | Steel Forged Swords |
| 12:10 | Rifleman |
| 12:11 | Rifleman |
| 12:44 | Town Hall |
| 13:12 | Farm |
| 14:18 | Footman |
| 14:18 | Footman |
| 14:20 | Footman |
| 14:20 | Footman |
| 14:57 | Castle |
| 14:59 | Black Gunpowder |
| 15:00 | Footman |
| 15:02 | Footman |
| 15:09 | Rifleman |
| 15:32 | Defend |
| 15:35 | Steel Plating |
| 16:02 | Ivory Tower |
| 16:02 | Ivory Tower |
| 16:09 | Guard Tower |
| 16:11 | Guard Tower |
| 17:02 | Rifleman |
| 17:04 | Rifleman |
| 17:30 | Orb of Fire |
| 17:32 | Ivory Tower |
| 17:32 | Ivory Tower |
| 17:39 | Sundering Blades |
| 17:41 | Animal War Training |
| 17:45 | Peasant |
| 17:45 | Peasant |
| 17:49 | Farm |
| 17:50 | Farm |
| 17:57 | Peasant |
| 17:57 | Peasant |
| 19:03 | Peasant |
| 19:03 | Peasant |
| 19:03 | Peasant |
| 19:06 | Knight |
| 19:06 | Knight |
| 19:13 | Arcane Tower |
| 19:16 | Peasant |
| 19:16 | Peasant |
| 19:59 | Knight |
| 19:59 | Knight |
| 21:16 | Blizzard |
| 21:30 | Silence |
| 21:39 | Storm Bolt |
| 21:52 | Peasant |
| 21:52 | Peasant |
| 21:52 | Peasant |
| 21:55 | Rifleman |
| 21:55 | Rifleman |
| 21:56 | Refined Gunpowder |
| 21:58 | Rifleman |
| 21:58 | Rifleman |
| 23:14 | Knight |
| 24:25 | Rifleman |
| 24:33 | Town Hall |
| Right click | 636 |
| Chat | 592 |
| Select | 487 |
| Build/train/purchase | 113 |
| Use ability | 21 |
| Remove unit | 4 |
| Minimap ping | 3 |
| Assign group | 2 |
| Misc. action | 1 |
| Item give/drop | 1 |
| Esc | 1 |



| Periapt of Vitality | 1 | 325 |
| total: | 1 | 325g |
| Acolyte | 4 | 300 | / | 0 |
| Ghoul | 3 | 360 | / | 0 |
| Crypt Fiend | 4 | 860 | / | 160 |
| Necromancer | 5 | 725 | / | 100 |
| Abomination | 2 | 480 | / | 140 |
| Meat Wagon | 2 | 460 | / | 100 |
| Frost Wyrm | 3 | 1155 | / | 360 |
| total: | 23 | 4340g | / | 860w |
| Crypt | 1 | 200 | / | 50 |
| Ziggurat | 10 | 1500 | / | 500 |
| Altar of Darkness | 3 | 540 | / | 150 |
| Graveyard | 1 | 215 | / | 0 |
| Slaughterhouse | 1 | 140 | / | 135 |
| Temple of the Damned | 1 | 155 | / | 140 |
| Sacrificial Pit | 1 | 75 | / | 150 |
| Boneyard | 1 | 175 | / | 200 |
| Halls of the Dead | 1 | 320 | / | 210 |
| Black Citadel | 1 | 325 | / | 230 |
| total: | 19 | 3000g | / | 1325w |
| 0:10 | Acolyte |
| 0:10 | Acolyte |
| 0:21 | Crypt |
| 0:31 | Ziggurat |
| 0:42 | Altar of Darkness |
| 1:26 | Ghoul |
| 1:28 | Ghoul |
| 1:39 | Ziggurat |
| 1:53 | Graveyard |
| 2:33 | Ziggurat |
| 2:54 | Ghoul |
| 3:04 | Carrion Beetles |
| 3:22 | Crypt Fiend |
| 3:23 | Crypt Fiend |
| 3:28 | Creature Attack |
| 3:40 | Halls of the Dead |
| 3:55 | Crypt Fiend |
| 4:30 | Unholy Strength |
| 4:32 | Crypt Fiend |
| 4:58 | Creature Carapace |
| 4:59 | Unholy Armor |
| 6:05 | Periapt of Vitality |
| 6:30 | Slaughterhouse |
| 6:44 | Altar of Darkness |
| 7:29 | Web |
| 7:50 | Altar of Darkness |
| 8:24 | Spiked Carapace |
| 8:28 | Death Coil |
| 8:56 | Black Citadel |
| 9:13 | Temple of the Damned |
| 9:21 | Ziggurat |
| 9:23 | Ziggurat |
| 9:31 | Ziggurat |
| 10:37 | Necromancer Adept Training |
| 10:47 | Skeletal Mastery |
| 10:59 | Improved Creature Attack |
| 12:44 | Necromancer |
| 12:44 | Necromancer |
| 12:44 | Necromancer |
| 13:00 | Abomination |
| 13:14 | Acolyte |
| 13:15 | Acolyte |
| 14:14 | Carrion Beetles |
| 15:19 | Necromancer Master Training |
| 15:23 | Improved Unholy Strength |
| 15:25 | Improved Unholy Armor |
| 15:29 | Abomination |
| 15:34 | Meat Wagon |
| 16:11 | Sacrificial Pit |
| 17:06 | Boneyard |
| 17:17 | Improved Creature Carapace |
| 17:27 | Advanced Creature Attack |
| 17:38 | Necromancer |
| 17:38 | Necromancer |
| 17:53 | Meat Wagon |
| 17:57 | Exhume Corpses |
| 18:15 | Vampiric Aura |
| 19:17 | Ziggurat |
| 19:18 | Ziggurat |
| 19:21 | Ziggurat |
| 19:22 | Ziggurat |
| 20:10 | Frost Wyrm |
| 20:10 | Frost Wyrm |
| 21:57 | Frost Wyrm |
| Right click | 446 |
| Select | 149 |
| Build/train/purchase | 52 |
| Misc. action | 44 |
| Assign group | 41 |
| Select group | 39 |
| Use ability | 12 |
| Remove unit | 3 |
| Minimap ping | 1 |